 Dungeon Crawl Stone Soup version 0.28-a0-514-g0d7ab7f379 (webtiles) character file.

Game seed: 11888791406944919062

2 speeev33 the Shield-Bearer (level 1, 0/14 HPs)
             Began as a Gargoyle Fighter on Sept 23, 2021.
             Slain by a quokka (1 damage)
             ... on level 1 of the Dungeon.
             The game lasted 00:01:01 (52 turns).

speeev33 the Shield-Bearer (Gargoyle Fighter)         Turns: 52, Time: 00:01:02

Health: 0/14       AC:  9    Str: 19    XL:     1   Next: 30%
Magic:  1/1        EV:  9    Int:  8    God:
Gold:   0          SH:  4    Dex:  9    Spells: 0/0 levels left

rFire   . . .      SeeInvis .   a - +0 flail
rCold   . . .      Faith    .   c - +0 buckler
rNeg    + . .      Spirit   .   b - +0 scale mail
rPois   ∞          Reflect  .   (no helmet)
rElec   +          Harm     .   (no cloak)
rCorr   .          Rampage  .   (no gloves)
Will    .....                   (no boots)
Stlth   ..........              (no amulet)
HPRegen 0.04/turn               (no ring)
MPRegen 0.07/turn               (no ring)

@: no status effects
A: sickness immunity, AC +2, negative energy resistance 1, electricity
resistance, torment resistance 1, petrification resistance
a: no special abilities


You were on level 1 of the Dungeon.
You visited 1 branch of the dungeon, and saw 1 of its levels.

Inventory:

Hand Weapons
 a - a +0 flail (weapon)
Armour
 b - a +0 scale mail (worn)
 c - a +0 buckler (worn)
Potions
 d - a potion of might


   Skills:
 + Level 3.3 Fighting
 + Level 2.0 Maces & Flails
 + Level 3.3 Armour
 + Level 3.3 Shields


You couldn't memorise any spells.
You didn't know any spells.
Your spell library was empty.

Dungeon Overview and Level Annotations

Branches:
Dungeon (1/15)

Altars:


Innate Abilities, Weirdness & Mutations

You are immune to sickness and miasma.
Your stone body is resilient. (AC +2)
You are immune to poison.
You resist negative energy. (rN+)
You are resistant to electric shocks. (rElec)
You are resistant to unholy torment.
You are immune to petrification.


Message History

You are too injured to fight recklessly!
You are too injured to fight recklessly!
You are too injured to fight recklessly!
You are too injured to fight recklessly!
You are too injured to fight recklessly!
You are too injured to fight recklessly!
You are too injured to fight recklessly!
You are too injured to fight recklessly!
You miss the goblin. You block the quokka's attack.
The goblin barely misses you.
You thump the goblin!
You kill the goblin!
The quokka bites you but does no damage. x2
You barely miss the quokka. The quokka bites you.
The rat bites you but does no damage.
You closely miss the rat. The quokka closely misses you.
The rat barely misses you. The quokka barely misses you. The rat bites you.
You hit the quokka.
The quokka is severely wounded.
The quokka bites you.
* * * LOW HITPOINT WARNING * * *
The rat bites you but does no damage.
The quokka bites you but does no damage.
You closely miss the rat. The rat bites you.
* * * LOW HITPOINT WARNING * * *
The quokka bites you but does no damage.
You closely miss the quokka.
The quokka is severely wounded.
The quokka bites you but does no damage.
You block the rat's attack. The quokka barely misses you.
You block the rat's attack.
You closely miss the rat. The quokka closely misses you.
The rat bites you but does no damage.
You closely miss the quokka.
The quokka is severely wounded.
The quokka barely misses you. You block the rat's attack.
The quokka bites you but does no damage.
You closely miss the rat. The rat bites you but does no damage.
The quokka bites you.
You die...

##.... .....#
..... .....#
..........#
......... . ....
..#...###.. ....
.......... .....
#rr!......
.....###@........
.................
.................
................#
................#
.....###....#+###
..... #....# ###+
#....# ####.#


You could see a quokka and a rat.

Vanquished Creatures
  A goblin (D:1)
  A rat (D:1)
2 creatures vanquished.

Notes
Turn   | Place    | Note
-------+----------+-------------------------------------------
     0 | D:1      | speeev33 the Gargoyle Fighter began the quest for the Orb.
     0 | D:1      | Reached XP level 1. HP: 14/14 MP: 1/1
    52 | D:1      | Slain by a quokka

Illustrated notes

Levels and vault maps discovered:
D:1:      lemuel_arrival_broad_hall, layout_basic,
          shapermc_ecumenical_altar_mp_ritualfount

Action                   || total
-------------------------++-------
Melee: Flail             ||    22
Armor: Scale mail        ||    19
Dodge: Dodged            ||    22
Block: Buckler           ||    11

Table legend: (Time is in decaauts)
 A = Elapsed time spent in this place.
 B = Non-inter-level travel time spent in this place.
 C = Inter-level travel time spent in this place.
 D = Time resting spent in this place.
 E = Time spent auto-exploring this place.
 F = Levels seen in this place.
 G = Mean time per level.
                   A        B        C        D        E       F      G
               +--------+--------+--------+--------+--------+-----+--------+
         Total |     58 |     58 |      0 |      0 |     23 |   1 |   58.0 |
       Dungeon |     58 |     58 |      0 |      0 |     23 |   1 |   58.0 |
               +--------+--------+--------+--------+--------+-----+--------+

Top non-repeatable levels by time:
     D:1: 58 daAuts
